[Event "Titled Tuesday Blitz November 07 Late 2023"]
[White "Martinez Alcantara, Jose Eduardo"]
[Black "Zakhartsov, Vladimir"]
[WhiteFideId "3805662"]
[BlackFideId "4145097"]
[WhiteElo "3043"]
[BlackElo "2834"]
[Result "1-0"]
[Round "4"]
[TimeControl "180+1"]
[Date "2023.11.07"]
[WhiteClock "0:00:03"]
[BlackClock "0:00:00"]
[Board "8"]

1. e4 c6 2. d4 d5 3. e5 c5 4. dxc5 e6 5. Bd3 Nc6 6. Nf3 Bxc5 7. O-O Nge7 8. Bf4 Ng6 9. Bg3 O-O 10. Nbd2 f5 11. exf6 Qxf6 12. c4 Nf4 13. Qb3 Nxd3 14. Qxd3 Qf5 15. Qe2 b6 16. a3 a5 17. Rfe1 Ba6 18. Qxe6+ Qxe6 19. Rxe6 Nd8 20. Ree1 dxc4 21. Rac1 Rc8 22. Ne4 Nb7 23. Be5 b5 24. Rcd1 Rfd8 25. Rxd8+ Rxd8 26. Nxc5 Nxc5 27. Bc7 Rd7 28. Bxa5 Nd3 29. Rb1 Bb7 30. Nd2 Nf4 31. g3 Nh3+ 32. Kf1 g5 33. Re1 g4 34. Re5 h6 35. Bc3 Ng5 36. Rxb5 Nf3 37. Nxc4 Ba6 38. a4 Rc7 39. Nd6 Rc6 40. Nf5 Rb6 41. Ne7+ Kf7 42. Nd5 Bxb5+ 43. axb5 Rxb5 44. Ne3 h5 45. Kg2 Kg6 46. h3 Kg5 47. h4+ Kg6 48. Kf1 Rb7 49. Ng2 Rd7 50. Nf4+ Kh6 51. Ke2 Re7+ 52. Kd3 Rd7+ 53. Ke4 Rd1 54. b4 Rc1 55. Kd3 Rf1 56. Ke2 Rc1 57. Nd5 Rc2+ 58. Ke3 Kg6 59. b5 Rc1 60. b6 Rb1 61. Kd3 Kf5 62. Nb4 Ne5+ 63. Kc2 Re1 64. b7 Nd7 65. Bxe1 Nb8 66. Bd2 1-0


[Site "https://www.chess.com"]

[Event "Titled Tuesday Blitz November 07 Late 2023"]
[White "Blohberger, Felix"]
[Black "Bortnyk, Olexandr"]
[WhiteFideId "1632051"]
[BlackFideId "14120828"]
[WhiteElo "2814"]
[BlackElo "3033"]
[Result "0-1"]
[Round "4"]
[TimeControl "180+1"]
[Date "2023.11.07"]
[WhiteClock "0:00:00"]
[BlackClock "0:00:52"]
[Board "9"]

1. Nf3 Nf6 2. g3 b6 3. Bg2 Bb7 4. O-O g6 5. c4 Bg7 6. d4 O-O 7. d5 Na6 8. Nc3 Nc5 9. Nd4 e5 10. Nb3 d6 11. Nxc5 dxc5 12. Bg5 h6 13. Bxf6 Qxf6 14. Ne4 Qe7 15. d6 cxd6 16. Qxd6 Qxd6 17. Nxd6 Bxg2 18. Kxg2 Rfd8 19. Rad1 Rd7 20. Rd2 Rad8 21. Rfd1 f5 22. b3 Kf8 23. Rd5 e4 24. e3 a6 25. h3 Bf6 26. R5d2 h5 27. Nxe4 Rxd2 0-1


[Site "https://www.chess.com"]

[Event "Titled Tuesday Blitz November 07 Late 2023"]
[White "Ibarra Jerez, Jose Carlos"]
[Black "Ghasi, Ameet K"]
[WhiteFideId "2226332"]
[BlackFideId "409200"]
[WhiteElo "3010"]
[BlackElo "2810"]
[Result "1-0"]
[Round "4"]
[TimeControl "180+1"]
[Date "2023.11.07"]
[WhiteClock "0:00:20"]
[BlackClock "0:00:10"]
[Board "10"]

1. e4 g6 2. d4 Bg7 3. Nc3 d6 4. Be3 a6 5. Nf3 Nf6 6. Qd2 Bg4 7. Nh4 e5 8. dxe5 dxe5 9. Qxd8+ Kxd8 10. h3 Bd7 11. O-O-O b5 12. Nf3 Nc6 13. a3 h6 14. Nd2 Nd4 15. g3 Ke7 16. f4 Nh5 17. Nd5+ Kd8 18. Rg1 Re8 19. c3 Nc6 20. Nb3 Kc8 21. Nc5 Be6 22. f5 gxf5 23. exf5 Bxd5 24. Rxd5 Nf6 25. Bg2 e4 26. Rdd1 Bf8 27. Rge1 Na5 28. Nxe4 Nxe4 29. Bf4 Nb3+ 30. Kc2 Nbc5 31. b4 Rb8 32. bxc5 Nf6 33. Rxe8+ Nxe8 34. Bc6 Nf6 35. Be5 Be7 36. g4 a5 37. Kb3 Nh7 38. Rd7 Bxc5 39. Rxc7+ Kd8 40. Rxf7 Rb6 41. Bc7+ Kc8 42. Bxb6 Bxb6 43. Rxh7 a4+ 44. Kb4 Bc5+ 45. Kxc5 h5 46. Kd6 Kd8 47. Rh8# 1-0


[Site "https://www.chess.com"]

[Event "Titled Tuesday Blitz November 07 Late 2023"]
[White "Oparin, Grigoriy"]
[Black "Kozak, Antoni"]
[WhiteFideId "24125890"]
[BlackFideId "21832030"]
[WhiteElo "3006"]
[BlackElo "2807"]
[Result "1/2-1/2"]
[Round "4"]
[TimeControl "180+1"]
[Date "2023.11.07"]
[WhiteClock "0:00:04"]
[BlackClock "0:00:08"]
[Board "11"]

1. d4 Nf6 2. c4 e6 3. Nc3 d5 4. cxd5 exd5 5. Bg5 c6 6. e3 Be6 7. Bd3 Nbd7 8. f3 Be7 9. Bh4 O-O 10. Nge2 Ne8 11. Bf2 Nd6 12. O-O Bg5 13. Ng3 f5 14. Nge2 Qf6 15. Qc2 Rae8 16. Rae1 Rf7 17. Nf4 Nf8 18. Nce2 Bc8 19. Qd2 Rfe7 20. b3 Ng6 21. Bc2 Qf7 22. Nc1 Bf6 23. Ncd3 Nf8 24. Nh3 g5 25. Ne5 Qg7 26. Bg3 Nf7 27. Nxf7 Rxf7 28. Nf2 h5 29. Nd3 h4 30. Be5 Ng6 31. f4 g4 32. Bxf6 Rxf6 33. Ne5 Nf8 34. Bd3 Rh6 35. b4 h3 36. g3 Be6 37. Rc1 a6 38. a4 Nd7 39. b5 axb5 40. axb5 Nxe5 41. fxe5 Qd7 42. bxc6 bxc6 43. e4 dxe4 44. Qxh6 Qxd4+ 45. Rf2 exd3 46. Rxc6 Qxe5 47. Qd2 Bf7 48. Rc1 Qe4 49. Qg5+ Kf8 50. Rcf1 Qd4 51. Qxf5 Re7 52. Qc8+ Kg7 53. Qc1 Re2 54. Qg5+ Kf8 55. Qh6+ Ke8 56. Qc6+ Kf8 57. Qh6+ Ke8 58. Qf4 Qxf4 59. gxf4 Re3 60. Rd2 Bd5 61. f5 Bf3 62. Kf2 Re2+ 63. Rxe2+ dxe2 64. Ra1 Kf7 65. Ra6 Ke7 66. f6+ Kf7 67. Rb6 Kg6 68. Ra6 Kf7 69. Rb6 Kg6 70. Ra6 Kf7 1/2-1/2


[Site "https://www.chess.com"]

[Event "Titled Tuesday Blitz November 07 Late 2023"]
[White "Troff, Kayden"]
[Black "Deac, Bogdan-Daniel"]
[WhiteFideId "2047896"]
[BlackFideId "1226380"]
[WhiteElo "2803"]
[BlackElo "2982"]
[Result "1/2-1/2"]
[Round "4"]
[TimeControl "180+1"]
[Date "2023.11.07"]
[WhiteClock "0:00:59"]
[BlackClock "0:00:39"]
[Board "12"]

1. d4 Nf6 2. Nf3 d5 3. Bf4 c5 4. e3 Nc6 5. Nc3 cxd4 6. Nxd4 a6 7. Be2 g6 8. h4 h5 9. Nxc6 bxc6 10. Be5 Bg7 11. e4 O-O 12. exd5 cxd5 13. Qd4 Be6 14. g4 Bxg4 15. Bxg4 hxg4 16. h5 Nxh5 17. Rxh5 f6 18. Rh4 fxe5 19. Qxd5+ Qxd5 20. Nxd5 e4 21. Rxg4 Rab8 22. Rb1 e6 23. Ne3 Bxb2 24. Ke2 Bd4 25. Rxb8 Rxb8 26. Rxg6+ Kf7 27. Rg4 Rb2 28. Rxe4 Bxe3 29. Kxe3 Rxc2 30. Ra4 Rc6 31. f4 Kf6 32. Ra5 Rb6 33. Ke4 Rb4+ 34. Ke3 Rb6 35. Ke4 Rd6 36. Ke3 Rc6 37. Ke4 Kf7 38. f5 exf5+ 39. Kxf5 Ke7 40. Ke5 Rh6 41. Kd4 Kd7 42. Kc3 Kc7 43. Ra4 Kb6 44. Rb4+ Kc5 45. Rg4 Rh3+ 46. Kb2 1/2-1/2


[Site "https://www.chess.com"]

[Event "Titled Tuesday Blitz November 07 Late 2023"]
[White "Hong, Andrew"]
[Black "Hambleton, Aman"]
[WhiteFideId "2099438"]
[BlackFideId "2606577"]
[WhiteElo "2981"]
[BlackElo "2760"]
[Result "1-0"]
[Round "4"]
[TimeControl "180+1"]
[Date "2023.11.07"]
[WhiteClock "0:00:31"]
[BlackClock "0:00:00"]
[Board "13"]

1. e4 b6 2. d4 Bb7 3. Bd3 e6 4. Nf3 d5 5. e5 Ba6 6. O-O Bxd3 7. Qxd3 Ne7 8. Bg5 h6 9. Bh4 Qd7 10. a4 Nf5 11. a5 b5 12. Nbd2 c5 13. dxc5 Nxh4 14. Nxh4 Bxc5 15. a6 Be7 16. Nhf3 Nc6 17. Rfe1 O-O 18. Nb3 Nb4 19. Qd2 Rac8 20. Nfd4 Nc6 21. c3 b4 22. Qe3 bxc3 23. bxc3 Nxd4 24. cxd4 Rc4 25. Na5 Rc7 26. Reb1 Rfc8 27. g3 g6 28. Qxh6 Bf8 29. Qe3 Be7 30. Rb7 Kg7 31. Rab1 Qa4 32. Qe1 Ba3 33. Rxc7 Rxc7 34. Ra1 Rc2 35. Qd1 Qb4 36. Qxc2 Qxd4 37. Rxa3 1-0


[Site "https://www.chess.com"]

[Event "Titled Tuesday Blitz November 07 Late 2023"]
[White "Makarian, Rudik"]
[Black "Giroyan, Gary"]
[WhiteFideId "44105681"]
[BlackFideId "680281"]
[WhiteElo "2973"]
[BlackElo "2680"]
[Result "1-0"]
[Round "4"]
[TimeControl "180+1"]
[Date "2023.11.07"]
[WhiteClock "0:00:08"]
[BlackClock "0:00:02"]
[Board "14"]

1. d4 Nf6 2. c4 e6 3. Nf3 d5 4. g3 Be7 5. Bg2 O-O 6. Qc2 a5 7. O-O c6 8. Rd1 b5 9. c5 Nbd7 10. Bf4 Ne4 11. h4 Ba6 12. a3 Re8 13. b4 Bc8 14. Nc3 f5 15. Ne5 Nxe5 16. Bxe5 Bf6 17. Nxe4 fxe4 18. f4 Bd7 19. Kh2 Qe7 20. a4 Bxe5 21. fxe5 bxa4 22. Qxa4 Reb8 23. bxa5 Rb2 24. Ra2 Rb5 25. a6 Bc8 26. a7 Qb7 27. Rda1 Bd7 28. Qa3 Rb3 29. Qc1 Qb4 30. Ra4 Qb5 31. R1a2 e3 32. Bf3 Be8 33. R4a3 Rxa3 34. Rxa3 Qb7 35. Qxe3 Rxa7 36. Rxa7 Qxa7 37. Qg5 Qd7 38. Kg2 h6 39. Qd2 Bg6 40. Qa5 Kh7 41. Qa8 Bf5 42. Qf8 Bg6 43. Qd6 Qe8 44. Kh2 Bf5 45. Kg1 Bg6 46. Bg4 Bf5 47. Bxf5+ exf5 48. e6 Kg6 49. Qe5 Qe7 50. Kg2 h5 51. Kf3 Qe8 52. Kf4 Qf8 53. e7 Qe8 54. Qxf5+ Kh6 55. Qf8 Qd7 56. e8=Q Qg4+ 57. Ke5 Qxg3+ 58. Ke6 Qxh4 59. Kd6 Qg3+ 60. Qe5 Qg6+ 61. Kc7 1-0


[Site "https://www.chess.com"]

[Event "Titled Tuesday Blitz November 07 Late 2023"]
[White "Sarana, Alexey"]
[Black "Seemann, Jakub"]
[WhiteFideId "24133795"]
[BlackFideId "21874697"]
[WhiteElo "2970"]
[BlackElo "2644"]
[Result "1-0"]
[Round "4"]
[TimeControl "180+1"]
[Date "2023.11.07"]
[WhiteClock "0:02:16"]
[BlackClock "0:00:43"]
[Board "15"]

1. d4 Nf6 2. c4 e6 3. Nc3 d5 4. cxd5 Nxd5 5. e4 Nxc3 6. bxc3 c5 7. Rb1 Be7 8. Nf3 O-O 9. h4 b6 10. h5 h6 11. Rh3 Kh8 12. Rg3 Rg8 13. Bd3 Ba6 14. Qd2 Bxd3 15. Qxd3 cxd4 16. cxd4 Nc6 17. Bd2 Rc8 18. Kf1 Qd7 19. Bc3 Bf6 20. Rd1 Rgd8 21. d5 e5 22. Kg1 Na5 23. Bxe5 Bxe5 24. Nxe5 Qe7 25. Qd4 Qf6 26. Rf3 Qh4 27. Nxf7+ 1-0


[Site "https://www.chess.com"]

[Event "Titled Tuesday Blitz November 07 Late 2023"]
[White "Roebers, Eline"]
[Black "Matlakov, Maxim"]
[WhiteFideId "1058401"]
[BlackFideId "4168003"]
[WhiteElo "2636"]
[BlackElo "2965"]
[Result "0-1"]
[Round "4"]
[TimeControl "180+1"]
[Date "2023.11.07"]
[WhiteClock "0:00:16"]
[BlackClock "0:00:52"]
[Board "16"]

1. e4 c5 2. Nf3 e6 3. d4 cxd4 4. Nxd4 Nc6 5. Nc3 Qc7 6. f4 a6 7. Nxc6 bxc6 8. Bd3 d5 9. Qe2 Be7 10. O-O Nf6 11. Kh1 Bb7 12. b3 O-O 13. Bb2 c5 14. Rf3 g6 15. Rh3 d4 16. Nd1 Qxf4 17. Nf2 h5 18. Rf1 Ng4 19. Nd1 Qc7 20. Bc1 Bd6 21. Bg5 f6 22. Bd2 Nxh2 23. e5 Bxe5 24. Bxg6 Nxf1 25. Qxf1 Kg7 26. Bxh5 Rh8 27. Qe2 Rag8 28. Nf2 Kf8 29. Ng4 Qc6 30. a4 Qe4 0-1


[Site "https://www.chess.com"]

[Event "Titled Tuesday Blitz November 07 Late 2023"]
[White "Sjugirov, Sanan"]
[Black "Sivakumar, Shaaketh"]
[WhiteFideId "4189302"]
[BlackFideId "30940176"]
[WhiteElo "2962"]
[BlackElo "2627"]
[Result "1-0"]
[Round "4"]
[TimeControl "180+1"]
[Date "2023.11.07"]
[WhiteClock "0:02:12"]
[BlackClock "0:02:25"]
[Board "17"]

1. e4 e6 2. d4 d5 3. Nd2 c5 4. Ngf3 Nc6 5. exd5 exd5 6. Bb5 Qe7+ 7. Be2 Qc7 8. O-O Nf6 9. Re1 Be6 10. dxc5 Bxc5 11. Nb3 Bb6 12. Nfd4 O-O 13. Be3 Ne4 14. Bf3 Nc5 15. Nxc5 Bxc5 16. Nxe6 Qxh2+ 1-0


[Site "https://www.chess.com"]

[Event "Titled Tuesday Blitz November 07 Late 2023"]
[White "Aravindh, Chithambaram VR."]
[Black "Lima, Kleyton Alcantara"]
[WhiteFideId "5072786"]
[BlackFideId "22718397"]
[WhiteElo "2945"]
[BlackElo "2544"]
[Result "1-0"]
[Round "4"]
[TimeControl "180+1"]
[Date "2023.11.07"]
[WhiteClock "0:00:06"]
[BlackClock "0:00:02"]
[Board "18"]

1. b3 Nf6 2. Bb2 g6 3. Nf3 Bg7 4. d4 c5 5. e3 O-O 6. Be2 cxd4 7. Nxd4 Nc6 8. c4 d5 9. cxd5 Qxd5 10. O-O Nxd4 11. Qxd4 Qxd4 12. Bxd4 Be6 13. Bf3 Bd5 14. Nd2 Bxf3 15. Nxf3 Ne4 16. Rfc1 Rac8 17. Kf1 Rfd8 18. Ke2 a6 19. h4 f5 20. Ke1 Kf7 21. Bxg7 Kxg7 22. Nd4 Kf6 23. f3 Nc5 24. Kf1 f4 25. Rc4 b5 26. Rc3 fxe3 27. Nc2 Nd3 28. Rxc8 Rxc8 29. Nxe3 Nb4 30. Ke2 Nc2 31. Ng4+ Ke6 32. Rd1 h5 33. Nf2 Nb4 34. Rd2 Rc2 35. Rxc2 Nxc2 36. Ne4 a5 37. Kd2 Nb4 38. Nc3 Ke5 39. a3 Nd5 40. Nxb5 Nf4 41. g3 Nd5 42. Nc3 Nb6 43. Kd3 e6 44. b4 axb4 45. axb4 Kd6 46. Ne4+ Ke5 47. Nc3 Kd6 48. Kd4 Nd7 49. Ne4+ Kc6 50. Nc5 Nf6 51. Nxe6 Nd5 52. b5+ Kd6 53. Nf4 Nb4 54. Nxg6 1-0


[Site "https://www.chess.com"]

[Event "Titled Tuesday Blitz November 07 Late 2023"]
[White "Elsa167"]
[Black "Cremisi, Daniel"]
[BlackFideId "2089882"]
[WhiteElo "2975"]
[BlackElo "2627"]
[Result "1-0"]
[Round "4"]
[TimeControl "180+1"]
[Date "2023.11.07"]
[WhiteClock "0:00:16"]
[BlackClock "0:00:00"]
[Board "19"]

1. c3 Nf6 2. d4 d5 3. Bf4 e6 4. e3 c5 5. Nd2 Bd6 6. Bxd6 Qxd6 7. f4 cxd4 8. cxd4 O-O 9. Ngf3 Ne4 10. Bd3 f5 11. O-O Nc6 12. Ne5 Nxe5 13. fxe5 Qe7 14. Bxe4 dxe4 15. Nc4 Bd7 16. Nd6 Bc6 17. Rc1 Rad8 18. Qd2 Kh8 19. b4 a6 20. Rc5 g5 21. g3 f4 22. exf4 gxf4 23. Rxf4 Rxf4 24. Qxf4 Rf8 25. Qh6 e3 26. Rc2 Rf3 27. Re2 Qg7 28. Qxg7+ Kxg7 29. Nc4 Bd5 30. Rxe3 Rxe3 31. Nxe3 Bxa2 32. Kf2 b6 33. Ke2 Kg6 34. h4 h5 35. Kd3 Bd5 36. Nxd5 exd5 37. Ke3 Kf5 38. Kf3 Ke6 39. Kf4 Ke7 40. g4 hxg4 41. h5 1-0


[Site "https://www.chess.com"]

[Event "Titled Tuesday Blitz November 07 Late 2023"]
[White "Salinas Herrera, Pablo"]
[Black "Hilary46"]
[WhiteFideId "3407128"]
[WhiteElo "2900"]
[BlackElo "2708"]
[Result "1-0"]
[Round "4"]
[TimeControl "180+1"]
[Date "2023.11.07"]
[WhiteClock "0:00:34"]
[BlackClock "0:00:02"]
[Board "20"]

1. d4 d5 2. Nf3 Nf6 3. Bf4 c5 4. e3 Nc6 5. Nbd2 cxd4 6. exd4 Bg4 7. c3 Qb6 8. Qb3 Qxb3 9. axb3 Bd7 10. b4 e6 11. Nb3 Ne4 12. b5 Nd8 13. Ne5 f6 14. Nxd7 Kxd7 15. f3 Nd6 16. Nc5+ Ke7 17. h4 Kf7 18. Bd3 Nc8 19. Bc7 Bxc5 20. dxc5 e5 21. Bxd8 Rxd8 22. h5 h6 23. b4 b6 24. Ra6 Rb8 25. Ke2 Ke6 26. g4 Kf7 27. Rha1 Kf8 28. c6 Re8 29. c4 dxc4 30. Bxc4 Re7 31. Rd1 Rc7 32. Be6 Ke7 33. Bxc8 Rbxc8 34. Rda1 Ke6 35. Rxa7 f5 36. Rxc7 Rxc7 37. Ra6 fxg4 38. fxg4 Kd5 39. Rxb6 Rf7 40. Rb7 Rf4 41. c7 Rc4 42. b6 Ke4 43. Rb8 Rc2+ 44. Kd1 Kd3 45. c8=Q 1-0


[Site "https://www.chess.com"]

[Event "Titled Tuesday Blitz November 07 Late 2023"]
[White "Leitao, Rafael"]
[Black "Koellner, Ruben Gideon"]
[WhiteFideId "2101246"]
[BlackFideId "12993093"]
[WhiteElo "2814"]
[BlackElo "2700"]
[Result "1/2-1/2"]
[Round "4"]
[TimeControl "180+1"]
[Date "2023.11.07"]
[WhiteClock "0:00:18"]
[BlackClock "0:00:23"]
[Board "21"]

1. c4 d6 2. g3 Nf6 3. Bg2 e5 4. Nc3 Be7 5. Nf3 O-O 6. d4 exd4 7. Nxd4 Re8 8. O-O Bf8 9. e4 Nc6 10. Re1 Bd7 11. Nc2 g6 12. b3 Bg7 13. Bb2 h5 14. Qd2 h4 15. Ne3 h3 16. Bh1 Ne7 17. Rad1 a5 18. e5 dxe5 19. Bxb7 Rb8 20. Bh1 c6 21. Ne4 Nxe4 22. Qxd7 Qxd7 23. Rxd7 Nc5 24. Rdd1 e4 25. Ba3 Nd3 26. Re2 f5 27. f3 Nb4 28. fxe4 fxe4 29. Bxe4 Nf5 30. Nxf5 gxf5 31. Bf3 Red8 32. Red2 Rxd2 33. Rxd2 c5 34. Bxb4 axb4 35. Kf1 Bd4 36. Re2 Kf7 37. Bd5+ Kf6 38. Re6+ Kg5 39. Ke2 Rf8 40. Kf3 Rf6 41. Re8 Ra6 42. Re2 Ra7 43. Bc6 Ra6 44. Ba4 Kf6 45. Re8 Re6 46. Rxe6+ Kxe6 47. g4 Be5 48. gxf5+ Kxf5 49. Bd7+ Kf6 50. Bxh3 Bxh2 51. Ke4 Ke7 52. Kd5 Bg1 53. Bg4 Kd8 54. Bh3 Kc7 55. Bg4 Kb6 56. Bh3 Bd4 57. Bg4 Bc3 58. Bh3 Bb2 59. Bg4 Ba3 60. Bh3 Bb2 61. Bg4 Ba3 62. Bh3 Bb2 1/2-1/2


[Site "https://www.chess.com"]

[Event "Titled Tuesday Blitz November 07 Late 2023"]
[White "Silva, Caio Henrique Angelico"]
[Black "Holt, Conrad"]
[WhiteFideId "22777210"]
[BlackFideId "2034387"]
[WhiteElo "2537"]
[BlackElo "2808"]
[Result "0-1"]
[Round "4"]
[TimeControl "180+1"]
[Date "2023.11.07"]
[WhiteClock "0:00:14"]
[BlackClock "0:00:14"]
[Board "22"]

1. d4 d5 2. Nf3 Nf6 3. g3 Bf5 4. c4 c6 5. Nc3 dxc4 6. Nh4 Bc8 7. a4 g6 8. e4 e5 9. dxe5 Qxd1+ 10. Nxd1 Nxe4 11. Bxc4 Bb4+ 12. Ke2 Nd7 13. f4 Nb6 14. Bb3 Bg4+ 15. Nf3 Rd8 16. Ne3 h5 17. Nxg4 hxg4 18. Nh4 Nc5 19. Bc2 Nc4 20. b3 Nd2 21. Bb2 Ndxb3 22. Rad1 Rxd1 23. Rxd1 Nxa4 24. Bxb3 Nxb2 25. Rb1 Bc3 26. Rc1 Bd4 27. Rd1 c5 28. Rd2 b5 29. e6 fxe6 30. Bxe6 a5 31. Kf1 Rh6 32. Bd5 b4 33. Kg2 a4 34. f5 gxf5 35. Nxf5 Rb6 36. Nxd4 cxd4 37. Rxb2 b3 38. Kf2 Ke7 39. Ke2 Kd6 40. Bc4 Kc5 41. Kd3 Rf6 42. Bg8 Rf8 43. Be6 Re8 44. Bxg4 Re3+ 45. Kd2 a3 46. Rb1 a2 47. Rc1+ Kb4 48. Bf5 b2 49. Rc8 a1=Q 50. Rb8+ Kc5 51. Rc8+ Kd6 0-1


[Site "https://www.chess.com"]

[Event "Titled Tuesday Blitz November 07 Late 2023"]
[White "Kazakov, Mikhail"]
[Black "Maksimovic, Bojan"]
[WhiteFideId "14102749"]
[BlackFideId "14408120"]
[WhiteElo "2425"]
[BlackElo "2742"]
[Result "1-0"]
[Round "4"]
[TimeControl "180+1"]
[Date "2023.11.07"]
[WhiteClock "0:00:07"]
[BlackClock "0:00:00"]
[Board "23"]

1. d4 g6 2. c4 Bg7 3. Nf3 d6 4. Nc3 e5 5. e4 Nc6 6. d5 Nd4 7. Be2 c5 8. dxc6 bxc6 9. O-O Ne7 10. Be3 c5 11. Qd2 O-O 12. Bd1 Rb8 13. b3 Kh8 14. Bh6 Bxh6 15. Qxh6 Nxf3+ 16. Bxf3 Nc6 17. Rae1 Nd4 18. Bd1 Be6 19. f4 f6 20. Ne2 Qe7 21. Nxd4 cxd4 22. f5 gxf5 23. exf5 Bd7 24. Bf3 Qg7 25. Qh4 Bxf5 26. Bd5 Qg5 27. Qxg5 fxg5 28. c5 dxc5 29. Rxe5 Bd3 30. Rd1 Rf5 31. Rxf5 Bxf5 32. Rf1 Bg6 33. Rc1 Rb5 34. a4 Ra5 35. Bc4 Kg7 36. Re1 Bf5 37. Re7+ Kf6 38. Rc7 Ke5 39. Kf2 h5 40. Rg7 Kf6 41. Rg8 g4 42. g3 Be6 43. Bxe6 Kxe6 44. Rg5 Kd7 45. Rxh5 Ra6 46. Rxc5 Rf6+ 47. Ke2 Rh6 48. Rd5+ Kc6 49. Rxd4 Rxh2+ 50. Kd3 Kc5 51. Rxg4 a5 52. Rg5+ Kb6 53. Rb5+ Ka6 54. Rg5 Kb6 55. Kc3 Rh1 56. Rg6+ Kc5 57. Rg5+ Kb6 58. Rb5+ Ka6 59. g4 Rh3+ 60. Kb2 Rg3 61. g5 Rg4 62. Kc3 Rg3+ 63. Kd4 Rg2 64. Ke4 Rg3 65. Kf5 Rxb3 66. Rxb3 1-0


[Site "https://www.chess.com"]

[Event "Titled Tuesday Blitz November 07 Late 2023"]
[White "Jacobson, Brandon"]
[Black "Perske, Thore"]
[WhiteFideId "30901561"]
[BlackFideId "12902195"]
[WhiteElo "3116"]
[BlackElo "2647"]
[Result "1-0"]
[Round "4"]
[TimeControl "180+1"]
[Date "2023.11.07"]
[WhiteClock "0:00:38"]
[BlackClock "0:00:14"]
[Board "24"]

1. Nf3 d5 2. e3 Nf6 3. c4 c6 4. Nc3 e6 5. b3 Bd6 6. Bb2 O-O 7. d4 Ne4 8. Bd3 f5 9. O-O Nd7 10. Ne2 g5 11. Ne5 Nxe5 12. dxe5 Be7 13. Qc2 Nc5 14. Ba3 Qa5 15. Bxc5 Bxc5 16. a3 Be7 17. b4 Qc7 18. cxd5 exd5 19. f4 gxf4 20. exf4 c5 21. Ng3 c4 22. Bxf5 d4 23. Qe4 Bxf5 24. Nxf5 Rad8 25. Kh1 Qd7 26. e6 Qc7 27. Nxd4 Bf6 28. Rad1 c3 29. Nc2 Rxd1 30. Rxd1 Rd8 31. Rxd8+ Qxd8 32. h3 Qd1+ 33. Kh2 Kf8 34. Qxh7 1-0


[Site "https://www.chess.com"]

[Event "Titled Tuesday Blitz November 07 Late 2023"]
[White "Hakobyan, Aram"]
[Black "Zakaryan, David"]
[WhiteFideId "13306677"]
[BlackFideId "24101923"]
[WhiteElo "3052"]
[BlackElo "2627"]
[Result "1-0"]
[Round "4"]
[TimeControl "180+1"]
[Date "2023.11.07"]
[WhiteClock "0:02:46"]
[BlackClock "0:00:00"]
[Board "25"]

1. d4 Nf6 2. c4 e6 3. Nc3 Bb4 4. e3 O-O 5. a3 Bxc3+ 6. bxc3 d6 7. Ne2 e5 8. Ng3 Nc6 9. Bd3 Re8 10. O-O e4 11. Be2 Na5 12. f3 exf3 13. gxf3 b6 14. e4 Ba6 15. Ra2 Nd7 16. Bd3 Nf8 17. Rg2 Bxc4 18. f4 Bxd3 19. Qxd3 c5 20. Nh5 g6 21. f5 cxd4 22. Bg5 Qc7 23. Nf6+ Kh8 24. Nxe8 Rxe8 25. fxg6 Nxg6 26. Bf6+ Kg8 27. Bxd4 Nc6 28. Bf6 Ne5 29. Qh3 Qc5+ 30. Kh1 Re6 31. Qh6 Rxf6 32. Rxf6 Qxc3 33. Rf1 Qd3 34. Qf4 Qb3 35. Qf6 Qxa3 36. Rc2 1-0


[Site "https://www.chess.com"]

[Event "Titled Tuesday Blitz November 07 Late 2023"]
[White "aghasiyevkamal"]
[Black "Xiong, Jeffery"]
[BlackFideId "2047640"]
[WhiteElo "2618"]
[BlackElo "3016"]
[Result "0-1"]
[Round "4"]
[TimeControl "180+1"]
[Date "2023.11.07"]
[WhiteClock "0:00:00"]
[BlackClock "0:01:45"]
[Board "26"]

1. e4 c5 2. Nf3 d6 3. Bb5+ Nc6 4. O-O Bd7 5. Re1 Nf6 6. c3 a6 7. Bf1 Bg4 8. h3 Bxf3 9. Qxf3 e6 10. d3 Be7 11. Nd2 O-O 12. Qe2 b5 13. Nf3 b4 14. d4 bxc3 15. bxc3 d5 16. e5 Ne4 17. Qd3 cxd4 18. cxd4 Nb4 19. Qb3 Rc8 20. Rb1 Qa5 21. Be3 Rc3 22. Qb2 Rc2 23. Qb3 Rxa2 24. Rec1 Ra3 25. Qd1 h6 26. Rb3 Rb8 27. Rxa3 Qxa3 28. Ra1 Qb2 29. Bxa6 Nc3 30. Qf1 Nc2 31. Rc1 Nxe3 32. fxe3 Ba3 33. Re1 Qc2 34. Bd3 Qa2 35. Qf2 Rb2 36. Qg3 Be7 37. Rf1 Qb3 38. Qf4 Nd1 39. Ng5 f5 40. exf6 Bxf6 41. Bh7+ Kh8 42. Nxe6 Qxe3+ 43. Qxe3 Nxe3 44. Rf3 Rb1+ 45. Kf2 Nd1+ 46. Ke2 Kxh7 0-1


[Site "https://www.chess.com"]

[Event "Titled Tuesday Blitz November 07 Late 2023"]
[White "GatoRojo150"]
[Black "Drygalov, Andrey"]
[BlackFideId "24171735"]
[WhiteElo "2616"]
[BlackElo "2972"]
[Result "0-1"]
[Round "4"]
[TimeControl "180+1"]
[Date "2023.11.07"]
[WhiteClock "0:00:00"]
[BlackClock "0:00:06"]
[Board "27"]

1. e4 c5 2. Nf3 d6 3. Nc3 Nf6 4. Bc4 e6 5. d4 cxd4 6. Nxd4 a6 7. Bb3 Nbd7 8. Bg5 Nc5 9. f4 Be7 10. Qe2 Qc7 11. e5 dxe5 12. fxe5 Ng8 13. Bf4 b5 14. O-O-O Bb7 15. Qg4 g6 16. Rhf1 h5 17. Qh3 Nxb3+ 18. axb3 b4 19. Nxe6 Qc8 20. Nc7+ Qxc7 21. e6 Qc6 22. exf7+ Kxf7 23. Be5+ Ke8 24. Bxh8 bxc3 25. Bxc3 Nh6 26. Qe3 Nf5 27. Rxf5 gxf5 28. Re1 Qd6 29. Qg5 Be4 30. Qxh5+ Kd7 31. Rd1 Bd5 32. Qxf5+ Kc6 33. Be5 Qe6 34. Qf4 Rf8 35. Qa4+ Kb7 36. Bd4 Qc6 37. Qa5 Be4 38. Bc3 Rf5 39. Qa4 Qxa4 40. bxa4 Bc6 41. Re1 Bg5+ 42. Bd2 Bxd2+ 43. Kxd2 Bxg2 44. Rg1 Rf2+ 45. Kc3 Be4 46. Rg7+ Kb6 47. Re7 Rxc2+ 48. Kb3 Re2 49. Re6+ Kb7 50. Re7+ Kb6 51. Re6+ Kb7 52. Re7+ Kc6 53. Re6+ Kc5 54. Rxa6 Bd5+ 55. Kc3 Re3+ 56. Kd2 Rb3 57. Kc2 Rh3 58. Ra5+ Kd4 59. Rb5 Rxh2+ 60. Kc1 Bc4 61. Rb8 Bd3 62. Rd8+ Kc4 63. Rc8+ Kb4 64. Rc3 Bc4 65. Ra3 Bb3 66. a5 Rc2+ 67. Kd1 Rxb2+ 68. Rxb3+ Rxb3 69. a6 Ra3 70. a7 Rxa7 0-1


[Site "https://www.chess.com"]

[Event "Titled Tuesday Blitz November 07 Late 2023"]
[White "Golubev, Mikhail"]
[Black "Rasulov, Vugar"]
[WhiteFideId "14100983"]
[BlackFideId "13402390"]
[WhiteElo "2616"]
[BlackElo "2958"]
[Result "1-0"]
[Round "4"]
[TimeControl "180+1"]
[Date "2023.11.07"]
[WhiteClock "0:00:40"]
[BlackClock "0:00:06"]
[Board "28"]

1. e4 c5 2. Nf3 d6 3. d4 cxd4 4. Nxd4 Nf6 5. Nc3 a6 6. Bc4 e6 7. O-O Nbd7 8. Bxe6 fxe6 9. Nxe6 Qa5 10. Bd2 Kf7 11. Nd5 Qa4 12. b3 Qb5 13. c4 Qc6 14. Nd8+ Kg8 15. Nxc6 bxc6 16. Nxf6+ Nxf6 17. f3 Be6 18. Bc3 Kf7 19. Bxf6 gxf6 20. f4 h5 21. Kh1 Be7 22. Qd3 Rag8 23. e5 dxe5 24. fxe5 Rd8 25. Qe4 Rd2 26. exf6 Bb4 27. Rad1 Rxa2 28. Qxc6 Rg8 29. Rd7+ Bxd7 30. Qxd7+ Kg6 31. Qf5+ Kh6 32. f7 Rf8 33. h4 a5 34. Qf6+ Kh7 35. Rf5 Ra1+ 36. Kh2 Bd6+ 37. Qxd6 1-0


[Site "https://www.chess.com"]